AoeStats
← Abacaxi de Marataízes ^_~

Black Forest

504764916Analyzed
4v4 RM · 27d ago on Sep 6, 2026· 49m 51s· 8 players
Game mode
Random Map
Map size
Large (8 player)
Population
200
Speed
Normal
Resources
Standard
Victory
Conquest
Starting age
Dark Age
Ending age
Imperial Age
RankedLock teamsTeams togetherTeam positionsShared explorationLock speedFull tech treeHidden civsTurbo modeCheats
Victory
Defeat
🇨🇳 Burgundians · China
794
+17
🇵🇱 Franks · Poland
791
+17
🇧🇷 Inca · Brazil
780
+18
🇺🇸 Huns · United States
777
+18
🇦🇷 Huns · Argentina
887
-21
🇱🇹 Persians · Lithuania
875
-20
🇧🇷 Italians · Brazil
811
-17
🇷🇺 Britons · Russia
685
-12
CouthTortoise40
0:35 Loom
14:37 Feudal Age
15:05 Double-Bit Axe
17:12 Horse Collar
20:48 Castle Age
23:06 Fervor
25:31 Bow Saw
25:59 Stone Mining
26:00 Gold Mining
26:50 Wheelbarrow
28:13 Hand Cart
31:13 Gold Shaft Mining
31:57 Marauders
32:17 Murder Holes
32:21 Town Watch
35:07 Imperial Age
33:20 Caravan
33:46 Heavy Plow
33:09 Pikeman
33:49 Squires
33:56 Husbandry
34:07 Bloodlines
34:04 Fishing Lines
36:11 Forging
35:29 Elite Tarkan
36:30 Conscription
36:23 Scale Barding Armor
37:40 Two-Man Saw
38:15 Iron Casting
38:02 Chain Barding Armor
40:08 Blast Furnace
39:44 Plate Barding Armor
43:21 Atheism
43:51 Scale Mail Armor
44:56 Chemistry
44:16 Ballistics
44:07 Masonry
Abacaxi de Marataízes ^_~
0:58 Loom
15:15 Feudal Age
22:15 Fletching
25:57 Castle Age
27:44 Bodkin Arrow
37:46 Horse Collar
42:58 Guard Tower
50:06 Padded Archer Armor
MrFractal
0:35 Loom
12:54 Feudal Age
17:13 Castle Age
15:29 Double-Bit Axe
19:15 Town Watch
20:08 Wheelbarrow
25:20 Bow Saw
26:19 Forging
26:15 Scale Barding Armor
26:51 Husbandry
28:45 Fletching
34:20 Imperial Age
32:52 Bodkin Arrow
33:18 Hand Cart
34:17 Iron Casting
34:25 Chain Barding Armor
33:59 Gold Mining
34:00 Stone Mining
34:36 Murder Holes
35:02 Ballistics
34:55 Masonry
34:56 Fortified Wall
36:44 Plate Barding Armor
35:54 Cavalier
36:54 Siege Engineers
38:01 Architecture
38:32 Chemistry
38:58 Conscription
39:25 Pikeman
39:51 Gambesons
40:06 Squires
39:52 Arson
41:45 Halberdier
43:42 Gold Shaft Mining
44:12 Scale Mail Armor
45:15 Blast Furnace
44:54 Hoardings
45:10 Chain Mail Armor
45:55 Paladin
48:11 Plate Mail Armor
skiopnado
0:35 Loom
6:14 Double-Bit Axe
9:04 Wheelbarrow
14:09 Feudal Age
14:12 Stone Mining
15:42 Bow Saw
19:21 Horse Collar
22:42 Stone Shaft Mining
22:00 Gold Mining
22:13 Heavy Plow
24:52 Castle Age
23:53 Gold Shaft Mining
26:28 Hand Cart
28:57 Crop Rotation
30:40 Two-Man Saw
35:24 Imperial Age
35:24 Husbandry
36:09 Caravan
35:59 Elite Coustillier
37:00 Treadmill Crane
38:15 Conscription
38:02 Scale Barding Armor
38:08 Forging
40:02 Chain Barding Armor
40:18 Iron Casting
41:39 Plate Barding Armor
46:08 Guilds
48:45 Spies/Treason
Carpeado BR
0:33 Loom
12:38 Feudal Age
13:46 Horse Collar
13:55 Double-Bit Axe
15:30 Wheelbarrow
19:12 Castle Age
19:29 Gold Mining
19:30 Stone Mining
24:08 Heavy Plow
24:24 Bow Saw
28:07 Stone Shaft Mining
28:19 Hand Cart
33:25 Imperial Age
32:15 Padded Archer Armor
32:07 Fletching
33:40 Ballistics
33:32 Masonry
33:33 Fortified Wall
33:05 Treadmill Crane
33:21 Murder Holes
33:56 Town Watch
34:56 Conscription
34:51 Fishing Lines
36:03 Pirotechnia
37:04 Hoardings
37:29 Bodkin Arrow
37:50 Leather Archer Armor
37:38 Scale Mail Armor
37:48 Forging
39:20 Chemistry
38:51 Architecture
38:48 Elite Genoese Crossbowman
39:06 Pikeman
39:47 Squires
QZ7
11:35 Feudal Age
17:48 Castle Age
16:14 Double-Bit Axe
22:24 Horse Collar
25:47 Bow Saw
27:29 Wheelbarrow
27:26 Marauders
28:32 Gold Mining
32:30 Imperial Age
31:29 Hand Cart
32:05 Forging
32:00 Scale Barding Armor
33:56 Gold Shaft Mining
33:23 Heavy Plow
37:57 Elite Tarkan
40:05 Iron Casting
40:03 Chain Barding Armor
42:38 Blast Furnace
45:54 Plate Barding Armor
Bagration
5:06 Loom
16:00 Feudal Age
18:08 Horse Collar
18:16 Double-Bit Axe
20:23 Gold Mining
21:40 Fletching
21:40 Man-at-Arms
28:35 Castle Age
Racist Virgin Incel
11:06 Feudal Age
11:34 Double-Bit Axe
11:31 Horse Collar
15:35 Gold Mining
18:03 Castle Age
19:01 Bow Saw
21:15 Heavy Plow
21:59 Wheelbarrow
21:19 Crossbowman
27:54 Fletching
28:48 Bodkin Arrow
Connection lost

Rejoining the realm…

Still unreachable

The connection could not be restored.

Session expired

The server has moved on; the page needs a fresh start.